 Dungeon Crawl Stone Soup version 0.28.0 (webtiles) character file.

Game seed: 17543935428596446449

13 Snicker the Sneak (level 2, -1/24 HPs)
             Began as a Demonspawn Delver on Feb 19, 2022.
             Slain by a water moccasin skeleton (6 damage)
             ... on level 5 of the Dungeon.
             The game lasted 00:00:30 (776 turns).

Snicker the Sneak (Demonspawn Delver)                Turns: 776, Time: 00:00:30

Health: -1/24      AC:  4    Str: 12    XL:     2   Next: 24%
Magic:  2/2        EV: 11    Int: 11    God:
Gold:   0          SH:  0    Dex: 14    Spells: 1/1 levels left

rFire   . . .      SeeInvis .   a - +0 short sword
rCold   . . .      Faith    .   (no shield)
rNeg    . . .      Spirit   .   b - +0 leather armour
rPois   .          Reflect  .   (no helmet)
rElec   .          Harm     .   (no cloak)
rCorr   .          Rampage  .   i - +0 pair of gloves
Will    .....                   (no boots)
Stlth   +++.......              (no amulet)
HPRegen 0.08/turn               (no ring)
MPRegen 0.08/turn               (no ring)

@: no status effects
A: weakness stinger 1
a: no special abilities


You were on level 5 of the Dungeon.
You visited 1 branch of the dungeon, and saw 2 of its levels.

Inventory:

Hand Weapons
 a - a +0 short sword (weapon)
Armour
 b - a +0 leather armour (worn)
 i - a +0 pair of gloves (worn)
Wands
 g - a wand of digging (3)
Scrolls
 c - a scroll of fog
 d - a scroll of magic mapping
 e - a scroll of fear
Potions
 f - a potion of haste
 h - a potion of lignification {unknown}


   Skills:
 + Level 3.0 Fighting
 * Level 1.8 Short Blades
 + Level 1.7 Dodging
 * Level 5.0 Stealth


You had one spell level left.
You didn't know any spells.
Your spell library was empty.

Dungeon Overview and Level Annotations

Branches:
Dungeon (6/15)
 Temple: D:4-7

Altars:


Innate Abilities, Weirdness & Mutations

You have a small tail.


Message History

The water moccasin skeleton is lightly damaged.
The water moccasin skeleton bites you.
You hit the water moccasin skeleton.
The water moccasin skeleton is lightly damaged.
The water moccasin skeleton bites you.
You hit the water moccasin skeleton.
Your tail-slap misses the water moccasin skeleton.
The water moccasin skeleton is lightly damaged.
The water moccasin skeleton bites you but does no damage.
You hit the water moccasin skeleton.
You tail-slap the water moccasin skeleton.
The water moccasin skeleton is lightly damaged.
The water moccasin skeleton bites you but does no damage.
You hit the orc but do no damage. You hit the orc but do no damage.
The orc hits you with a +0 club.
You hit the orc.
Your tail-slap misses the orc.
The orc is severely wounded.
The orc misses you.
You hit the orc.
You kill the orc!
The water moccasin skeleton barely misses you.
Your Stealth skill increases to level 5!
You hit the water moccasin skeleton but do no damage.
Your tail-slap misses the water moccasin skeleton.
The water moccasin skeleton is lightly damaged.
The water moccasin skeleton bites you.
You hit the water moccasin skeleton.
The water moccasin skeleton is moderately damaged.
The water moccasin skeleton bites you.
You hit the water moccasin skeleton.
The water moccasin skeleton is moderately damaged.
The water moccasin skeleton bites you but does no damage.
You barely miss the water moccasin skeleton.
The water moccasin skeleton is moderately damaged.
The water moccasin skeleton bites you!
* * * LOW HITPOINT WARNING * * *
You hit the water moccasin skeleton but do no damage.
The water moccasin skeleton is moderately damaged.
The water moccasin skeleton bites you.
You die...

### #.. #.# #.#
##.##########.#
#......(..@Z..#
#..############
#.#..# #.#..#
#.#..# #.#..#
#.#..# #.#..#
#.#..#


You could see a water moccasin skeleton.

Vanquished Creatures
  An adder (D:5)
  2 orcs
3 creatures vanquished.

Notes
Turn   | Place    | Note
-------+----------+-------------------------------------------
     0 | D:5      | Snicker the Demonspawn Delver began the quest for the Orb.
     0 | D:5      | Reached XP level 1. HP: 18/18 MP: 1/1
   388 | D:6      | Noticed a centaur
   761 | D:5      | Gained mutation: You have a small tail. [demonic ancestry]
   761 | D:5      | Reached XP level 2. HP: 24/24 MP: 2/2
   772 | D:5      | Reached skill level 5 in Stealth
   776 | D:5      | Slain by a water moccasin skeleton

Illustrated notes

Levels and vault maps discovered:
D:5:      layout_loops_ring, grunt_temple_overflow_gold_and_silver,
          bloody_makhleb, serial_rivers, chequers_serial_rivers_small_3,
          chequers_serial_rivers_room_a, chequers_serial_rivers_micro_a,
          chequers_serial_rivers_marsh, uniq_sigmund
D:6:      layout_layer_cave, minmay_temple_entry_glassed_door,
          nicolae_figureground_sparkle

Skill      XL: |  1  2 |
---------------+-------+-----
Stealth        | 5 |  5.0
Fighting       | |  3.0
Short Blades   | |  1.8
Dodging        | |  1.7

Action                   || total
-------------------------++-------
Melee: Short sword       ||    29
       Tailslap          ||     1
 Stab: Sleeping          ||     1
Armor: Leather armour    ||     6
Dodge: Dodged            ||    10
